 Dungeon Crawl Stone Soup version 0.29-a0-1019-g84f7d21838 (webtiles) character file.

Game seed: 433580229862935515

401 Newt the Skirmisher (level 7, -2/41 HPs)
             Began as a Kobold Hunter on Aug 10, 2022.
             Was an Initiate of Dithmenos.
             Slain by a gnoll
             ... wielding a +0 spear
              (4 damage)
             ... on level 5 of the Dungeon.
             The game lasted 00:06:01 (4564 turns).

Newt the Skirmisher (Kobold Hunter)                 Turns: 4564, Time: 00:06:02

Health: -2/41      AC:  9    Str:  9    XL:     7   Next: 11%
Magic:  7/7        EV: 14    Int: 10    God:    Dithmenos [......]
Gold:   187        SH:  0    Dex: 20    Spells: 6/6 levels left

rFire   . . .      SeeInvis .   a - +1 shortbow
rCold   . . .      Faith    .   (shield currently unavailable)
rNeg    + . .      Spirit   .   c - +1 leather armour
rPois   .          Reflect  .   (no helmet)
rElec   .          Harm     .   (no cloak)
rCorr   .          Rampage  .   (no gloves)
Will    .....                   p - +0 pair of boots
Stlth   ++++......              (no amulet)
HPRegen 0.13/turn               f - +4 ring of protection
MPRegen 0.10/turn               e - ring of positive energy

@: mighty, brilliant
A: small, no large weapons, nightstalker 3
a: Renounce Religion


You were on level 5 of the Dungeon.
You worshipped Dithmenos.
Dithmenos was noncommittal.
You visited 1 branch of the dungeon, and saw 5 of its levels.

You collected 187 gold pieces.

Inventory:

Hand Weapons
 a - a +1 shortbow (weapon)
Armour
 c - a +1 leather armour (worn)
 p - a +0 pair of boots (worn)
Jewellery
 e - a ring of positive energy (right hand)
 f - a +4 ring of protection (left hand)
 g - a ring of protection from cold
 m - a ring of see invisible
Scrolls
 b - 2 scrolls of immolation
Potions
 h - 2 potions of brilliance
 j - a potion of invisibility {unknown}
 l - 2 potions of cancellation {unknown}
 n - a potion of haste {unknown}
 o - 3 potions of attraction {unknown}


   Skills:
 + Level 3.4 Fighting
 + Level 9.1 Ranged Weapons
 - Level 0.6 Armour
 - Level 2.4 Dodging
 * Level 3.9 Stealth


You had 6 spell levels left.
You didn't know any spells.
Your spell library contained the following spells:

 Spells                   Type           Power      Damage    Failure   Level
 Apportation              Tloc           0%         N/A       45%         1
 Portal Projectile        Hex/Tloc       0%         N/A       83%         3
 Tukima's Dance           Hex            0%         N/A       83%         3
 Alistair's Intoxication  Tmut/Pois      0%         N/A       100%        5
 Blade Hands              Tmut           0%         N/A       100%        5


Dungeon Overview and Level Annotations

Branches:
Dungeon (5/15)             Temple (0/1) D:4

Altars:
Ashenzari
Dithmenos
Makhleb

Annotations:
D:4 1 runed translucent door, Sobieck's ghost, novice OgFE
D:5 Ijyb


Innate Abilities, Weirdness & Mutations

You are small and have problems with some larger weapons.
You are completely attuned to the shadows.


Message History

You shoot an arrow. The gnoll hits you but does no damage.
The gnoll hits you with a +0 flail.
You shoot an arrow.
The arrow hits the gnoll but does no damage.
The gnoll hits you from afar with a +0 spear.
The gnoll hits you with a +0 flail!
* * * LOW HITPOINT WARNING * * *
You shoot an arrow. The arrow closely misses the gnoll.
The arrow hits the gnoll.
The gnoll is lightly wounded.
You feel less invigorated.
You feel less confused. The gnoll closely misses you.
The gnoll barely misses you.
You feel better. The gnoll misses you. The gnoll barely misses you.
You feel better. The gnoll misses you. The gnoll hits you with a +0 flail.
You feel very mighty all of a sudden. The gnoll hits you but does no damage.
The gnoll hits you with a +0 flail.
Fire: a) +1 shortbow
Press: ? - help, Shift-Dir - straight line, f - gnoll
Aim: a gnoll, wielding a +0 spear (lightly wounded, 71% to hit)
You shoot an arrow.
The arrow hits the gnoll but does no damage.
The gnoll hits you from afar with a +0 spear.
* * * LOW HITPOINT WARNING * * *
The gnoll misses you. The gnoll barely misses you.
The gnoll hits you but does no damage.
Fire: a) +1 shortbow
Press: ? - help, Shift-Dir - straight line, f/p - gnoll
Aim: a gnoll, wielding a +0 spear (lightly wounded, 71% to hit)
You shoot an arrow. The arrow closely misses the gnoll.
The arrow barely misses the gnoll.
The gnoll misses you. The gnoll hits you with a +0 flail!
* * * LOW HITPOINT WARNING * * *
Fire: a) +1 shortbow
Press: ? - help, Shift-Dir - straight line, f/p - gnoll
Aim: a gnoll, wielding a +0 spear (lightly wounded, 71% to hit)
You shoot an arrow. The arrow hits the gnoll.
The gnoll is lightly wounded.
The gnoll hits you from afar with a +0 spear.
You die...

#.# #.####
#..... #gg.g.
#g# ##@####
#. #..†......
####...###...
.............
.........#.##
##...........
###...###.##
≈....# .#
≈≈.### #


You could see 3 gnolls.

Vanquished Creatures
  A phantom (D:4)
  A necrophage (D:4)
  An orc priest (D:3)
  A hound (D:4)
  An iguana (D:4)
  2 orc wizards (D:3)
  3 gnolls (D:3)
  4 adders
  A worm (D:3)
  A dart slug (D:4)
  6 orcs (D:3)
  4 ball pythons
  4 bats (D:1)
  4 endoplasms
  3 giant cockroaches
  5 goblins
  10 hobgoblins
  A quokka (D:3)
  6 frilled lizards
  3 kobolds
  7 rats
69 creatures vanquished.

Notes
Turn   | Place    | Note
-------+----------+-------------------------------------------
     0 | D:1      | Newt the Kobold Hunter began the quest for the Orb.
     0 | D:1      | Reached XP level 1. HP: 12/12 MP: 1/1
   267 | D:1      | Reached XP level 2. HP: 17/17 MP: 2/2
   413 | D:1      | Reached skill level 6 in Ranged Weapons
  1396 | D:2      | Reached XP level 3. HP: 21/21 MP: 3/3
  2295 | D:3      | Reached XP level 4. HP: 26/26 MP: 4/4
  2299 | D:3      | Reached skill level 7 in Ranged Weapons
  2547 | D:3      | HP: 1/27 [gnoll/+0 spear (8)]
  2550 | D:3      | Reached XP level 5. HP: 24/31 MP: 5/5
  2616 | D:3      | Reached skill level 8 in Ranged Weapons
  3061 | D:3      | Found a burning altar of Makhleb.
  3061 | D:3      | Found a broken altar of Ashenzari.
  3113 | D:3      | Reached XP level 6. HP: 36/36 MP: 6/6
  3659 | D:4      | Found a shadowy altar of Dithmenos.
  3703 | D:4      | Became a worshipper of Dithmenos the Shadowed
  3847 | D:4      | Found a runed translucent door.
  3848 | D:4      | Noticed Sobieck's ghost (novice OgFE)
  3949 | D:4      | Reached skill level 9 in Ranged Weapons
  3949 | D:4      | Reached XP level 7. HP: 36/41 MP: 7/7
  4110 | D:4      | Found a staircase to the Ecumenical Temple.
  4216 | D:5      | Entered Level 5 of the Dungeon
  4219 | D:5      | Noticed Ijyb
  4563 | D:5      | HP: 2/41 [gnoll/+0 flail (7)]
  4564 | D:5      | Slain by a gnoll

Illustrated notes

Levels and vault maps discovered:
D:1:      lemuel_arrival_room, layout_loops_corners
D:2:      layout_loops_corners
D:3:      layout_rooms, nicolae_overflow_two_pavilions
D:4:      kennysheep_six_static_rooms, layout_rooms, kennysheep_mini_moat,
          lemuel_temple_firewalk_a, ebering_ghost_inner_flame, uniq_pikel
D:5:      layout_loops_ring, hex_tiny, chequers_decorated_corner,
          water_maze_lemuel, uniq_ijyb

Skill      XL: |  1  2  3  4  5  6 |
---------------+-------------------+-----
Ranged Weapons | 6 7 8 9 |  9.1
Stealth        | 2 3 |  3.9
Fighting       | 3 |  3.4
Armour         | |  0.6
Dodging        | |  2.4

Action                   |  1- 3 |  4- 6 |  7- 9 || total
-------------------------+-------+-------+-------++-------
 Fire: Shortbow          |    69 |   152 |    22 ||   243
  Use: Scroll            |     4 |     6 |     1 ||    11
       Potion            |       |     3 |     6 ||     9
Armor: Leather armour    |     9 |    16 |    12 ||    37
Dodge: Dodged            |    20 |    55 |    29 ||   104

Table legend: (Time is in decaauts)
 A = Elapsed time spent in this place.
 B = Non-inter-level travel time spent in this place.
 C = Inter-level travel time spent in this place.
 D = Time resting spent in this place.
 E = Time spent auto-exploring this place.
 F = Levels seen in this place.
 G = Mean time per level.
                   A        B        C        D        E       F      G
               +--------+--------+--------+--------+--------+-----+--------+
         Total |   4613 |   4556 |     57 |    860 |   3223 |   5 |  922.6 |
       Dungeon |   4613 |   4556 |     57 |    860 |   3223 |   5 |  922.6 |
               +--------+--------+--------+--------+--------+-----+--------+

Top non-repeatable levels by time:
     D:2: 1224 daAuts
     D:1: 1081 daAuts
     D:4: 1011 daAuts
     D:3: 946 daAuts
     D:5: 349 daAuts
